 Dungeon Crawl Stone Soup version 0.19-b1-4-gd8a0a2a (webtiles) character file.

394 Peloso the Slasher (level 6, -1/52 HPs)
             Began as a Ghoul Fighter on Oct 31, 2016.
             Was a Follower of Okawaru.
             Splashed by a jelly's acid (9 damage)
             ... on level 3 of the Dungeon.
             The game lasted 00:08:13 (2152 turns).

Peloso the Slasher (Ghoul Fighter)                  Turns: 2152, Time: 00:08:16

Health: -1/52      AC:  1    Str: 20    XL:     6   Next: 82%
Magic:  5/5        EV:  8    Int:  3    God:    Okawaru [*.....]
Gold:   75         SH:  9    Dex: 10    Spells: 0 memorised, 5 levels left

rFire  . . .     SeeInvis .     a - +0 long sword
rCold  + . .     Gourm    .     b - +0 scale mail
rNeg   + + +     Faith    .     c - +0 shield
rPois  ∞         Spirit   .     e - +0 helmet
rElec  .         Reflect  .     (no cloak)
rCorr  .         Harm     .     (no gloves)
MR     .....                    n - +0 pair of boots
Stlth  ..........               (no amulet)
                                (no ring)
                                (no ring)

@: corroded, rotting
A: rotting body, claws 1, carnivore 3, cold resistance 1, negative energy
resistance 3, slow regeneration 1, torment resistance, unbreathing
a: Heroism, Renounce Religion


You were on level 3 of the Dungeon.
You worshipped Okawaru.
Okawaru was aware of your devotion.
You were not hungry.

You visited 1 branch of the dungeon, and saw 3 of its levels.

You collected 75 gold pieces.

Inventory:

Hand Weapons
 a - a +0 long sword (weapon)
 l - a +1 mace of holy wrath
Armour
 b - a +0 scale mail (worn)
 c - a +0 shield (worn)
 e - a +0 helmet (worn)
 n - a +0 pair of boots (worn)
Wands
 p - a wand of lightning (3/15)
Scrolls
 k - a scroll of identify
 q - a scroll of immolation {unknown}
Potions
 d - a potion of might
 h - a potion of curing
 i - 2 potions of ambrosia
 j - 3 potions of agility
 m - a potion of degeneration {unknown}
 o - a potion of magic
 r - a potion of flight {unknown}
 u - a potion of heal wounds {unknown}
 v - a potion of lignification {unknown}
Comestibles
 f - a meat ration
 g - a beef jerky
 s - a chunk of flesh
 t - a royal jelly


   Skills:
 + Level 3.8 Fighting
 + Level 4.4 Long Blades
 + Level 3.8 Armour
 + Level 1.2 Dodging
 + Level 0.2 Stealth
 + Level 3.8 Shields
 + Level 0.1 Evocations


You had 5 spell levels left.
You didn't know any spells.

Dungeon Overview and Level Annotations

Branches:
Dungeon (3/15)

Altars:
Okawaru
Uskayaw
Xom


Innate Abilities, Weirdness & Mutations

Your body is rotting away.
You thrive on raw meat.
You are immune to poison.
You have sharp fingernails.
You are carnivorous and can eat meat at any time.
Your flesh is cold resistant. (rC+)
You are immune to negative energy. (rN+++)
You regenerate slowly when monsters are visible.
You are immune to unholy pain and torment.
You can survive without breathing.


Message History

There is an open door here.
As you open the door, it creaks loudly!
There is an open door here.
You open the door.
A jelly comes into view.
The jelly quivers.
You hit the jelly but do no damage. The acid corrodes you!
Your claws burn!
You block the jelly's attack.
You hit the jelly.
Your claws burn!
The jelly is moderately wounded.
The jelly hits you. The acid corrodes you!
You are splashed with acid!
The acid burns!
The jelly hits you.
You are splashed with acid!
The acid burns!
* * * LOW HITPOINT WARNING * * *
You hit the jelly.
Your claws burn!
* * * LOW HITPOINT WARNING * * *
The jelly is heavily wounded.
The jelly hits you.
* * * LOW HITPOINT WARNING * * *
You are splashed with acid!
The acid burns!
You die...

..>.# #.# #.#
.#.## #.# #.#
.#.# #.# #.#
.#.#
#.####.######
.#.#
#...........##
.#.#
########.....##
.#.#
###..'.'........
.#.#
##...###.....##.
.#.# ##..@#
#....##
##._.J.+....#
##...###....#
##...###......
###..+ +....#..
##### ....##. ##
.


You could see a jelly.

Vanquished Creatures
  Grinder (D:3)
  A jelly (D:3)
  Jessica (D:3)
  A gnoll (D:2)
  5 adders
  An ooze (D:1)
  3 worms (D:2)
  A dart slug (D:1)
  4 leopard geckos
  3 orcs (D:3)
  A ball python (D:1)
  6 giant cockroaches
  4 goblins
  9 hobgoblins
  3 jackals (D:1)
  A quokka (D:3)
  5 bats
  7 frilled lizards
  4 kobolds
  6 rats
67 creatures vanquished.

Notes
Turn   | Place    | Note
-------+----------+-------------------------------------------
     0 | D:1      | Peloso the Ghoul Fighter began the quest for the Orb.
     0 | D:1      | Reached XP level 1. HP: 19/19 MP: 0/0
   176 | D:1      | Reached skill level 2 in Long Blades
   176 | D:1      | Reached XP level 2. HP: 26/26 MP: 1/1
   636 | D:1      | Reached XP level 3. HP: 15/31 MP: 2/2
  1130 | D:2      | Found an iron altar of Okawaru.
  1166 | D:2      | Became a worshipper of Warmaster Okawaru
  1301 | D:2      | Reached XP level 4. HP: 38/38 MP: 3/3
  1503 | D:2      | Reached skill level 3 in Long Blades
  1778 | D:3      | Noticed Grinder
  1806 | D:3      | Paralysed by Grinder for 6 turns
  1857 | D:3      | Killed Grinder
  1857 | D:3      | Reached * piety under Okawaru
  1857 | D:3      | Reached skill level 4 in Long Blades
  1857 | D:3      | Reached XP level 5. HP: 40/45 MP: 4/4
  1857 | D:3      | Reached XP level 6. HP: 46/51 MP: 5/5
  1873 | D:3      | Reached skill level 1 in Dodging
  1967 | D:3      | Noticed Jessica
  1993 | D:3      | Killed Jessica
  2032 | D:3      | Found a hide-covered altar of Uskayaw.
  2133 | D:3      | Found a shimmering altar of Xom.
  2152 | D:3      | Splashed by a jelly's acid

Skill      XL: |  1  2  3  4  5  6 |
---------------+-------------------+-----
Long Blades    | 2 4 |  4.4
Armour         | 3 |  3.8
Shields        | 3 |  3.8
Dodging        | 1 |  1.2
Fighting       | |  3.8
Stealth        | |  0.2
Evocations     | |  0.1

Action                   |  1- 3 |  4- 6 || total
-------------------------+-------+-------++-------
Melee: Long sword        |   152 |   146 ||   298
Evoke: Wand              |       |     4 ||     4
  Use: Scroll            |       |     5 ||     5
  Eat: Chunk             |    10 |     8 ||    18
Armor: Scale mail        |    98 |    71 ||   169
Dodge: Dodged            |    65 |    42 ||   107
Block: Shield            |    93 |    86 ||   179
       Rpst.: Long sword |    26 |    10 ||    36
